← All builds
Geo / Armada / Economy first / OBSERVED BUILD

Standard geo

Armada Geo build order · Supreme Isthmus

Standard Geo economy into T2 constructor and Starlight/Jaguar units sent to front as usual, with support built for teammates along the way.

Usually blows up the commander for T2 (72%)

#eco #t2 #team support · 1325 distinct matches · 234 players · 55% of Armada Geo games · team won 55% of 1545 · Recently observed

HOW TO PLAY IT

Key timing: T2 constructor by 4:55

  1. Open 2 mex and wind, then Bot Lab by 0:35.
  2. Rush geothermal powerplant to fund T2 ahead of other roles.
  3. Get T2 constructor out to start building T2 units.
  4. Add Vehicle Plant and Advanced Geothermal for the T2 push.
  5. Fly first Starlight to front with a transport from Air.

Phase by phase

TYPICAL OF ITS 1325 GAMES
  1. 1
  2. 2
  3. 3
  4. 4
PLAY THE OPENING

Follow the example game's first 6:00 step by step: what to build now, what comes next, and where it goes. At 1× it keeps pace with your own game.

  1. 1

    Up to the Bot Lab

    Economy
    • Metal Extractor3Mex
    • Wind Turbine4Wind
    Order
    1. Bot LabBot Lab after 3 mex, 4 winddone ~1:12, middle half 0:58–1:21

    By 0:55 in all: 3 mex · 4 wind

    The example game in this phase · 4 steps
    1. Mex ×2
    2. Wind ×4
    3. Energy storage
    4. Bot LabBot Labdone 1:14 · typical 1:12
  2. 2

    Bot Lab to 5:00

    Economy
    • Metal Extractor2Mex
    • Wind Turbine3Wind
    • Energy Converter8Converter
    • Energy Storage1Energy storage
    Order
    1. Geothermal PowerplantGeo after 4 mex, 5 wind, 1 energy storage
    2. Bot LabEat Bot Lab
    Builders
    • Construction Turret5 Con turret
    • Lazarus4 Lazarus
    • Construction Bot2 Con bot
    • Construction Bot1 Con bot for allies
    • Lazarus1 Lazarus for allies

    By 5:00 in all: 4 mex · 7 wind · 1 geo · 8 converter · 1 energy storage · 5 con turret

    The example game in this phase · 19 steps
    1. LazarusLazarus ×3
    2. Construction BotCon bot
    3. TickTick ×2
    4. Construction BotCon bot ×2
    5. Construction BotCon botfor Beach sea
    6. Mex
    7. LazarusLazarus
    8. LazarusLazarusfor Beach sea
    9. LazarusLazarus
    10. Mex
    11. Construction BotCon bot ×2
    12. Geothermal PowerplantGeodone 4:10 · typical 3:29
    13. Converter
    14. Bot LabEat Bot Labreclaimed for its metal
    15. Solar
    16. Converter
    17. Solar ×3
    18. Converter ×2
    19. Con turret
  3. 3

    5:00 to Vehicle Plant

    Order
    1. Advanced Geothermal PowerplantAdvanced Geothermal Powerplant after 8 wind, 10 converter, 6 con turretin 57% of games
    2. Vehicle PlantVehicle Plant after 9 wind, 10 converter, 6 con turretdone ~7:06, middle half 6:39–7:32

    Some games also: con turret (49%) · converter (49%) · wind (41%)

    By 6:56 in all: 4 mex · 9 wind · 1 geo · 1 Advanced Geothermal Powerplant · 10 converter · 1 energy storage

    The example game in this phase · 18 steps
    1. Con turret
    2. Converter
    3. Con turret ×2
    4. Advanced Metal ExtractorT2 mexdone 6:14 · typical 5:38
    5. Converter
    6. Con turret
    7. Advanced Metal ExtractorT2 mex
    8. Con turret
    9. Converter ×3
    10. Con turret
    11. Advanced Metal ExtractorT2 mex
    12. Converter
    13. Con turret
    14. Advanced Metal ExtractorT2 mex
    15. Con turret
    16. PrudePrudedone 7:56
    17. Wind ×3
    18. Vehicle PlantVehicle Plantdone 8:01 · typical 7:06
  4. 4

    Vehicle Plant to 10:00

    Economy
    • Wind Turbine5Wind
    • Energy Converter4Converter
    Order
    1. Advanced Vehicle PlantAdvanced Vehicle Plant after 10 wind, 11 converter, 6 con turret
    2. Vehicle PlantEat Vehicle Plant
    Builders
    • Construction Vehicle1 Con vehicle
    • Advanced Construction Vehicle1 T2 con vehicle for allies
    Army
    • Starlight2 Starlight
    • Umbra1 Jammer
    • Prophet1 Radar vehicle

    Some games also: con turret (48%) · Jaguar (36%)

    By 10:00 in all: 4 mex · 18 wind · 1 geo · 1 Advanced Geothermal Powerplant · 16 converter · 1 energy storage

    The example game in this phase · 139 steps
    1. Wind ×3
    2. Construction VehicleCon vehicle
    3. Wind ×4
    4. Advanced Vehicle PlantAdvanced Vehicle Plantdone 8:41 · typical 8:01
    5. Wind ×3
    6. Vehicle PlantEat Vehicle Plantreclaimed for its metal
    7. Wind ×5
    8. Converter
    9. Wind ×3
    10. Converter
    11. Wind
    12. Converter
    13. Wind
    14. Converter ×2
    15. Advanced Construction VehicleT2 con vehiclefor Suicide front
    16. Converter
    17. Energy storage
    18. Wind
    19. Converter ×4
    20. JaguarJaguar
    21. Converter
    22. Energy storage
    23. Converter ×2
    24. JaguarJaguar
    25. Converter ×2
    26. Wind ×2
    27. Converter
    28. Energy storage
    29. Wind
    30. StarlightStarlightdone 10:05 · typical 9:03
    31. Converter ×2
    32. Wind
    33. Converter
    34. Wind ×4
    35. Converter
    36. Wind
    37. Con turret
    38. Wind ×6
    39. Con turret
    40. Converter
    41. Wind ×2
    42. StarlightStarlight
    43. Wind
    44. Con turret
    45. Wind
    46. Con turret
    47. Wind ×3
    48. Con turret
    49. Wind ×5
    50. Radar TowerRadar Tower
    51. Wind ×13
    52. StarlightStarlight
    53. Wind ×2
    54. ConsulConsul
    55. Wind ×9
    56. StarlightStarlight
    57. Wind
    58. Converter ×2
    59. Wind ×2
    60. Converter
    61. Wind
    62. Converter
    63. Wind
    64. Converter
    65. BeamerBeamer
    66. Converter ×2
    67. Wind
    68. Converter ×2
    69. Wind ×2
    70. Converter ×2
    71. Wind
    72. Converter
    73. Wind
    74. Converter ×2
    75. Wind ×5
    76. Converter
    77. Wind ×4
    78. BeamerBeamer
    79. Wind ×7
    80. UmbraJammer
    81. Wind ×3
    82. Con turret
    83. Wind ×2
    84. Con turret
    85. Wind
    86. ProphetRadar vehicle
    87. Con turret
    88. BeamerBeamer
    89. Wind ×2
    90. BeamerBeamer
    91. ShredderShredderdone 13:36
    92. Con turret
    93. Wind ×2
    94. Con turret
    95. Wind ×4
    96. BeamerBeamer
    97. Wind ×8
    98. StarlightStarlight
    99. Wind ×8
    100. Advanced Construction VehicleT2 con vehicle
    101. Wind ×12
    102. Converter
    103. Wind
    104. Converter
    105. StarlightStarlight
    106. Converter
    107. Wind
    108. Converter
    109. BeamerBeamer
    110. Wind
    111. Converter ×3
    112. CitadelAnti-nukenot finished by 15:00
    113. Wind
    114. Converter ×3
    115. Wind
    116. Converter
    117. Wind ×3
    118. Converter
    119. Wind ×9
    120. StarlightStarlight
    121. Wind ×2
    122. Converter
    123. Wind ×3
    124. Converter
    125. Con turret
    126. Wind
    127. Converter
    128. Wind ×3
    129. Fortification WallFortification Wall
    130. Wind ×3
    131. Fortification WallFortification Wall
    132. Wind ×4
    133. Fortification WallFortification Wall
    134. Con turret
    135. Wind
    136. Fortification WallFortification Wall
    137. Wind
    138. Con turret
    139. Wind ×2

Counts are medians over the build's games: half of them build more, half fewer. The example game is XuunnY's (32 OS, 12/10/2026); pick another.

Team trades

IN AT LEAST 30% OF ITS GAMES

You hand over

  • Lazarus1 Lazarus to Beach seafirst at 2:17 · in 75% of games
  • Construction Bot1 Con bot to Beach seafirst at 2:27 · in 87% of games
  • Advanced Construction Vehicle1 T2 con vehicle to Suicide front or Frontfirst at 8:47 · in 63% of games

You get

  • Advanced Construction Bot1 T2 con bot from Techfirst at 4:52 · in 94% of games

How it plays out

Typical game of this build, running totals by minute

Metal produced

020k40k
0:005:0010:0015:00

metal

Enemy metal destroyed

05k10k15k
0:005:0010:0015:00

metal

Own metal lost

02k4k6k
0:005:0010:0015:00

metal

1545 games.

Show as table
ByMetal produced: This buildEnemy metal destroyed: This buildOwn metal lost: This build
1:0033300
2:0085900
3:00152700
4:00267000
5:00369400
6:00563600
7:00802500
8:001134700
9:00144064384
10:0017275472194
11:00201231745520
12:002298936181605
13:002573358722970
14:002858682454420
15:0031355102015586
WHAT THE NUMBERS SAY

Standard Geo play wins about half its games while destroying the most enemy metal by 15:00 among the roles shown here.

  • + Enemy metal destroyed jumps to 10560 by 15:00, highest of all six builds.
  • + Starlight makes up 34% of army, delivering the long-range T2 push.
  • − Own metal lost reaches 5977 by 15:00 from the aggressive T2 push.
  • − First Starlight only arrives in 60% of games, a late or inconsistent push.
THE EXAMPLE YOU ARE READING

XuunnY

31.8 OS · 12/10/2026

Open source match ↗

1 received units · includes a constructor
959 metal received · 233152 energy received

Allied construction assistance is unknown. Timings are observations, not a promise of solo reproducibility.

Typical milestones

Bot Lab1:12Middle 50%: 0:58–1:21 · n=1544
Geothermal Powerplant3:29Middle 50%: 3:13–3:47 · n=1536
Advanced Metal Extractor5:38Middle 50%: 5:21–6:01 · n=1536
Vehicle Plant7:06Middle 50%: 6:39–7:32 · n=1493
Advanced Geothermal Powerplant7:10Middle 50%: 6:51–7:42 · n=1118
Advanced Vehicle Plant8:01Middle 50%: 7:40–8:33 · n=1428
Starlight9:03Middle 50%: 8:32–9:46 · n=1290

Played most by

0neTw0120games of this buildzeus_on_god118games of this buildXad53games of this buildTheGeneraI46games of this buildViltrum41games of this build